 Dungeon Crawl Stone Soup version 0.30-b1-2-g02819fbbbe (webtiles) character file.

Game seed: 8375434166877771510

1075 Anothat the Spear-Bearer (level 8, -11/58 HPs)
             Began as a Gnoll Wanderer on May 10, 2023.
             Mangled by an orc warrior
             ... wielding a +0 flail
              (14 damage)
             ... on level 4 of the Dungeon.
             The game lasted 00:09:01 (6603 turns).

Anothat the Spear-Bearer (Gnoll Wanderer)           Turns: 6603, Time: 00:09:02

Health: -11/58     AC:  9    Str: 17    XL:     8   Next: 29%
Magic:  12/12      EV:  8    Int:  7    God:
Gold:   286        SH:  0    Dex: 13    Spells: 13/13 levels left

rFire   . . .        s - +2 spear (freeze)
rCold   . . .        (no shield)
rNeg    . . .        m - +0 chain mail
rPois   .            (no helmet)
rElec   .            (no cloak)
rCorr   .            (no gloves)
SInv    .            (no boots)
Will    .....        (no amulet) Stlth
                     (no ring)
HPRegen 0.29/turn    (no ring)
MPRegen 0.13/turn

%: no passive effects
@: no status effects
A: fangs 1, strong nose, distributed training
a: no special abilities


You were on level 4 of the Dungeon.
You visited 2 branches of the dungeon, and saw 6 of its levels.
You also visited: Sewer.

You collected 286 gold pieces.

Inventory:

Hand Weapons
 a - a +2 spear
 b - a +0 hand axe
 s - a +2 spear of freezing (weapon)
Missiles
 f - 2 throwing nets
 n - 5 boomerangs
Armour
 e - a +0 leather armour
 m - a +0 chain mail (worn)
Jewellery
 g - a ring of wizardry
 o - a ring of fire
Wands
 u - a wand of flame (11)
Scrolls
 h - a scroll of immolation
 j - 2 scrolls of blinking
 l - a scroll of acquirement {unknown}
 q - a scroll of summoning {unknown}
 r - 2 scrolls of identify
 t - 4 scrolls of teleportation
 v - a scroll of magic mapping
 y - a scroll of torment {unknown}
Potions
 i - 3 potions of mutation
Miscellaneous
 c - a piece from Xom's chessboard (15/15) (quivered)


   Skills:
 + Level 3.2 Fighting
 + Level 3.2 Short Blades
 + Level 3.2 Long Blades
 + Level 5.7 Axes
 + Level 3.2 Maces & Flails
 + Level 9.2 Polearms
 + Level 3.2 Staves
 + Level 3.2 Ranged Weapons
 + Level 3.2 Throwing
 + Level 3.2 Armour
 + Level 3.2 Dodging
 + Level 4.1 Stealth
 + Level 3.2 Shields
 + Level 3.2 Unarmed Combat
 + Level 3.2 Spellcasting
 + Level 2.6 Conjurations
 + Level 2.6 Hexes
 + Level 2.6 Summonings
 + Level 2.6 Necromancy
 + Level 2.6 Translocations
 + Level 2.6 Transmutations
 + Level 2.6 Fire Magic
 + Level 2.6 Ice Magic
 + Level 2.6 Air Magic
 + Level 2.6 Earth Magic
 + Level 2.6 Poison Magic
 + Level 3.6 Invocations
 + Level 7.4 Evocations


You had 13 spell levels left.
You didn't know any spells.
Your spell library contained the following spells:

 Spells                   Type           Power      Damage    Failure   Level
 Malign Gateway           Summ/Tloc      2%         N/A       100%        7
 Summon Horrible Things   Summ           2%         N/A       100%        8


Dungeon Overview and Level Annotations

Branches:
Dungeon (5/15)             Temple (1/1) D:4           Sewer (visited)

Altars:
Cheibriados
Dithmenos
Elyvilon
Gozag
Hepliaklqana
Kikubaaqudgha
Nemelex Xobeh
Okawaru
Qazlal
Ru
Trog
Uskayaw
Vehumet
Wu Jian
Xom
Yredelemnul
Zin
The Shining One

Shops:
D:2 ?   D:5 *

Annotations:
D:4 3 runed translucent doors, ntrailstourney's ghost, novice NaRe


Innate Abilities, Weirdness & Mutations

You have very sharp teeth.
Your uncanny sense of smell can sniff out nearby items.
Your experience applies equally to all skills.


Message History

You hit the orc warrior but do no damage.
You punch the orc warrior.
The orc warrior is heavily wounded.
You hit the orc warrior. You freeze the orc warrior. You bite the orc warrior.
The orc warrior is severely wounded.
The orc warrior hits you with a +0 flail!
You hit the orc warrior but do no damage.
You punch the orc warrior.
The orc warrior is almost dead.
The orc warrior barely misses you.
You hit the orc warrior but do no damage.
You bite the orc warrior, but do no damage.
The orc warrior is almost dead.
You closely miss the orc warrior.
The orc warrior is almost dead.
The orc warrior hits you with a +0 flail!
* * * LOW HITPOINT WARNING * * *
You closely miss the orc warrior.
The orc warrior is almost dead.
The orc warrior completely misses you.
You hit the orc warrior but do no damage.
The orc warrior is almost dead.
You barely miss the orc warrior.
The orc warrior is almost dead.
The orc warrior hits you with a +0 flail!
* * * LOW HITPOINT WARNING * * *
You hit the orc warrior but do no damage.
Your punch misses the orc warrior.
The orc warrior is almost dead.
Press: ? - help, v - describe, . - travel
Here: an orc warrior, wielding a +0 flail and wearing a +0 chain mail (almost dead)
The floor.
You completely miss the orc warrior.
The orc warrior is almost dead.
The orc warrior hits you with a +0 flail.
* * * LOW HITPOINT WARNING * * *
You hit the orc warrior. You freeze the orc warrior.
The orc warrior is almost dead.
The orc warrior hits you with a +0 flail!
You die...

##.## #....########.#
##...####### #......##.....#
.......♣.♣.# #......##.#####
##...##.♣P.####...∩...#.########
.......P♣.P...........#........#
.#...#...♣P.###.......#.######.#
.##....#####............# #.#
.?#####.###.###.^.....#.# #.#
.........#......@.......# #.#
..####....#####.o.....### #.#
.## #..#.## ###...### ###.# .##
#.....### #...# #...# ..#
##.#.#.).#####.## #.### #.#
#..#.###...###.# #.#
..###.##...###...#># #.#
.###..#........#[#.# #.#
.#...##..>..##...#.# #.#


You could see an orc warrior.

Vanquished Creatures
  Grinder (D:4)
  A phantom (D:4)
  A bullfrog (Sewer)
  3 quasits (D:4)
  A hound (D:4)
  An orc priest (D:4)
  A jelly (D:5)
  A sleepcap (D:4)
  A gnoll bouda (D:5)
  Natasha (thrice) (D:2)
  An iguana (D:5)
  An orc wizard (D:5)
  Robin (D:2)
  9 adders
  9 gnolls
  3 shadow imps (D:4)
  A white imp (D:4)
  3 ufetubi (D:4)
  11 orcs
  11 endoplasms
  13 giant cockroaches
  15 goblins
  11 hobgoblins
  7 jackals
  10 kobolds
  7 quokkas
  8 ball pythons
  8 bats
  15 frilled lizards
  7 rats
165 creatures vanquished.

Vanquished Creatures (others)
  2 demonic plants (D:4)
2 creatures vanquished.

Grand Total: 167 creatures vanquished

Notes
Turn   | Place    | Note
-------+----------+-------------------------------------------
     0 | D:1      | Anothat the Gnoll Wanderer began the quest for the Orb.
     0 | D:1      | Anothat set off with the following items: a +2 spear, a +0
                  | hand axe, a piece from Xom's chessboard (15/15), a potion
                  | of lignification, a +0 leather armour.
     0 | D:1      | Reached XP level 1. HP: 13/13 MP: 1/1
   212 | D:1      | Reached XP level 2. HP: 19/19 MP: 2/2
   963 | D:1      | Reached XP level 3. HP: 25/25 MP: 3/3
  1182 | D:2      | Reached skill level 1 in Invocations
  1245 | D:2      | Noticed Natasha
  1251 | D:2      | Killed Natasha
  1252 | D:2      | Reached skill level 1 in Fighting
  1252 | D:2      | Reached skill level 1 in Short Blades
  1252 | D:2      | Reached skill level 1 in Long Blades
  1252 | D:2      | Reached skill level 1 in Maces & Flails
  1252 | D:2      | Reached skill level 1 in Staves
  1252 | D:2      | Reached skill level 1 in Ranged Weapons
  1252 | D:2      | Reached skill level 1 in Throwing
  1252 | D:2      | Reached skill level 1 in Armour
  1252 | D:2      | Reached skill level 1 in Dodging
  1252 | D:2      | Reached skill level 1 in Shields
  1252 | D:2      | Reached skill level 1 in Unarmed Combat
  1252 | D:2      | Reached skill level 1 in Spellcasting
  1252 | D:2      | Reached XP level 4. HP: 25/32 MP: 5/5
  1437 | D:2      | Reached skill level 1 in Conjurations
  1437 | D:2      | Reached skill level 1 in Hexes
  1437 | D:2      | Reached skill level 1 in Summonings
  1437 | D:2      | Reached skill level 1 in Necromancy
  1437 | D:2      | Reached skill level 1 in Translocations
  1437 | D:2      | Reached skill level 1 in Transmutations
  1437 | D:2      | Reached skill level 1 in Fire Magic
  1437 | D:2      | Reached skill level 1 in Ice Magic
  1437 | D:2      | Reached skill level 1 in Air Magic
  1437 | D:2      | Reached skill level 1 in Earth Magic
  1437 | D:2      | Reached skill level 1 in Poison Magic
  1471 | D:2      | Found Feenot's Magic Scroll Emporium.
  1693 | D:2      | Noticed Natasha
  1702 | D:2      | Killed Natasha
  1703 | D:2      | Reached XP level 5. HP: 24/37 MP: 5/7
  1827 | D:2      | Noticed Robin
  1848 | D:2      | Killed Robin
  1991 | D:2      | Noticed Natasha
  1995 | D:2      | Killed Natasha
  2788 | D:3      | Found a glowing drain.
  2803 | Sewer    | Entered a sewer
  3025 | Sewer    | Reached XP level 6. HP: 42/44 MP: 8/8
  3251 | Sewer    | Reached skill level 5 in Axes
  3708 | D:3      | You fall into a shaft and drop 1 floor!
  3739 | D:4      | Found a staircase to the Ecumenical Temple.
  3749 | Temple   | Entered the Ecumenical Temple
  3960 | D:4      | Reached XP level 7. HP: 47/50 MP: 10/10
  4096 | D:4      | Noticed Grinder
  4151 | D:4      | Killed Grinder
  4152 | D:4      | Reached skill level 9 in Polearms
  4854 | D:4      | Found a runed translucent gate.
  4854 | D:4      | Found a runed translucent gate.
  4854 | D:4      | Found a runed translucent gate.
  4867 | D:4      | Noticed ntrailstourney's ghost (novice NaRe)
  5284 | D:5      | Entered Level 5 of the Dungeon
  5485 | D:5      | Reached XP level 8. HP: 45/58 MP: 12/12
  5584 | D:5      | Found Biwod's CLEARANCE SALE!.
  6602 | D:4      | HP: 2/58 [orc warrior/+0 flail (6)]
  6603 | D:4      | Mangled by an orc warrior

Illustrated notes

Levels and vault maps discovered:
D:1:      psy_arrival_radial01, layout_basic, bh_walls_and_bars
D:2:      layout_loops_corners, serial_shops, shop, uniq_robin, uniq_natasha
D:3:      layout_basic, portal_sewer_entry_a, kennysheep_another_room,
          moated_statue, minmay_goblin_kobold_house
D:4:      layout_loops_ring, minmay_temple_entry_slanted, serial_demonic,
          serial_demonic_b, serial_demonic_b, serial_demonic_d,
          serial_demonic_g, serial_demonic_b, serial_demonic_e,
          gammafunk_ghost_necromancy, uniq_grinder
D:5:      layout_cave_pools, nicolae_shop_clearance
Temple:   regret_index_temple_mists

Skill      XL: |  1  2  3  4  5  6  7  8 |
---------------+-------------------------+-----
Invocations    | 1 2 3 |  3.6
Fighting       | 1 2 3 |  3.2
Short Blades   | 1 2 3 |  3.2
Long Blades    | 1 2 3 |  3.2
Maces & Flails | 1 2 3 |  3.2
Staves         | 1 2 3 |  3.2
Ranged Weapons | 1 2 3 |  3.2
Throwing       | 1 2 3 |  3.2
Armour         | 1 2 3 |  3.2
Dodging        | 1 2 3 |  3.2
Shields        | 1 2 3 |  3.2
Unarmed Combat | 1 2 3 |  3.2
Spellcasting   | 1 2 3 |  3.2
Conjurations   | 1 2 |  2.6
Hexes          | 1 2 |  2.6
Summonings     | 1 2 |  2.6
Necromancy     | 1 2 |  2.6
Translocations | 1 2 |  2.6
Transmutations | 1 2 |  2.6
Fire Magic     | 1 2 |  2.6
Ice Magic      | 1 2 |  2.6
Air Magic      | 1 2 |  2.6
Earth Magic    | 1 2 |  2.6
Poison Magic   | 1 2 |  2.6
Stealth        | 3 4 |  4.1
Axes           | 5 |  5.7
Evocations     | 7 |  7.4
Polearms       | 9 |  9.2

Action                     |  1- 3 |  4- 6 |  7- 9 || total
---------------------------+-------+-------+-------++-------
  Melee: Spear             |    94 |   351 |   227 ||   672
         Bite              |     2 |    18 |    16 ||    36
         Punch             |     1 |     3 |     8 ||    12
  Evoke: Piece from Xom's  |       |       |     2 ||     2
    Use: Scroll            |       |     8 |     2 ||    10
         Potion            |       |       |     8 ||     8
   Stab: Sleeping          |     3 |       |       ||     3
 Armour: Leather armour    |     6 |       |       ||     6
         Chain mail        |    18 |   110 |   111 ||   239
         Skin              |       |       |    18 ||    18
  Dodge: Dodged            |    25 |    89 |   103 ||   217
